[Event "ICCopen2016"]
[Site "Internet Chess Club"]
[Date "2016.06.03"]
[Round "2"]
[White "discdude"]
[Black "oriGinal"]
[Result "0-1"]
[ICCResult "White checkmated"]
[WhiteElo "1440"]
[BlackElo "1859"]
[Opening "Old Indian defense"]
[ECO "A42"]
[NIC "OI.07"]
[Time "19:12:50"]
[TimeControl "180+0"]

1. d4 d6 2. c4 g6 3. Nf3 Bg7 4. Nc3 Nd7 5. Bg5 h6 6. Bh4 g5 7. Bg3 Ngf6 8.
e3 Nh5 9. Bd3 Nxg3 10. hxg3 e5 11. dxe5 Nxe5 12. Nxe5 Bxe5 13. Qc2 Bg4 14.
f3 Bxg3+ 15. Kd2 Be6 16. Ne4 Be5 17. g3 Bg7 18. f4 Bf5 19. Rae1 Bxe4 20.
Bxe4 c6 21. Bf5 d5 22. cxd5 Qxd5+ 23. Qd3 Qa5+ 24. Ke2 Rd8 25. Qc2 Qb5+ 26.
Kf2 Qxb2 27. Qxb2 Bxb2 28. Rb1 Rd2+ 29. Kf3 O-O 30. Rhd1 Rfd8 31. Rxd2 Rxd2
32. e4 b5 33. Ke3 Rh2 34. e5 c5 35. Bd7 Bd4+ 36. Ke4 b4 37. Bb5 gxf4 38.
gxf4 Rh5 39. a4 a5 40. f5 Rh2 41. Rf1 Kf8 42. Kd5 Ke7 43. f6+ Kd8 44. Rf3
Rh5 45. Rg3 Rg5 46. Rh3 Rg6 47. Bc4 Kc7 48. Rf3 Rg5 49. Rh3 Rxe5#
{White checkmated}
0-1

[Event "ICCopen2016"]
[Site "Internet Chess Club"]
[Date "2016.06.03"]
[Round "2"]
[White "jcgs1030"]
[Black "HouseOfFun"]
[Result "0-1"]
[ICCResult "White resigns"]
[WhiteElo "1784"]
[BlackElo "2458"]
[Opening "Scandinavian (center counter) defense"]
[ECO "B01"]
[NIC "SD.02"]
[Time "19:11:59"]
[TimeControl "180+0"]

1. e4 d5 2. exd5 Qxd5 3. Nc3 Qe5+ 4. Nge2 c6 5. d4 Qc7 6. Bf4 Qd8 7. Qd2 Bf5
8. O-O-O e6 9. f3 Nf6 10. h4 h6 11. g4 Bg6 12. Bh3 Bb4 13. g5 Nd5 14. gxh6
gxh6 15. Bxh6 Qa5 16. Kb1 Nxc3+ 17. Nxc3 Bxc3 18. bxc3 Nd7 19. Bg5 Nb6 20.
c4 Qa3 21. Qe2 Qb4+ 22. Ka1 Nxc4 23. Bc1 O-O-O 24. Bf1 Qc3+ 25. Kb1 Nb6 26.
Bb2 Qb4 27. a3 Qb3 28. h5 Na4 {White resigns} 0-1

[Event "ICCopen2016"]
[Site "Internet Chess Club"]
[Date "2016.06.03"]
[Round "2"]
[White "hipopotamos"]
[Black "rovov"]
[Result "0-1"]
[ICCResult "White checkmated"]
[WhiteElo "1042"]
[BlackElo "1619"]
[Opening "Sicilian defense"]
[ECO "B40"]
[NIC "SI.43"]
[Time "19:12:52"]
[TimeControl "180+0"]

1. e4 c5 2. Nf3 e6 3. Nc3 Nc6 4. Bb5 a6 5. Bxc6 bxc6 6. d3 Nf6 7. Be3 Be7 8.
O-O O-O 9. h3 d5 10. e5 Nd7 11. Qe2 d4 12. Bxd4 cxd4 13. Nxd4 Bb7 14. Qf3
Nxe5 15. Qf4 Ng6 16. Qe4 c5 17. Qxb7 cxd4 18. Ne2 Rb8 19. Qxa6 Rxb2 20. Qc4
e5 21. Rab1 Qb6 22. Rxb2 Qxb2 23. Re1 Ra8 24. Ng3 Rxa2 25. Qc8+ Bf8 26. Nf5
Qxc2 27. Qd8 Qxf2+ 28. Kh1 Qxg2# {White checkmated} 0-1

[Event "ICCopen2016"]
[Site "Internet Chess Club"]
[Date "2016.06.03"]
[Round "2"]
[White "stoptryharding"]
[Black "blitzmaniac"]
[Result "0-1"]
[ICCResult "White resigns"]
[WhiteElo "2257"]
[BlackElo "2938"]
[Opening "QGD: Ragozin variation"]
[ECO "D38"]
[NIC "NI.27"]
[Time "19:12:46"]
[TimeControl "180+0"]

1. d4 d5 2. c4 e6 3. Nf3 Nf6 4. Nc3 Bb4 5. cxd5 exd5 6. Bg5 h6 7. Bh4 Nbd7
8. Qa4 c5 9. dxc5 Bxc3+ 10. bxc3 O-O 11. Qb4 g5 12. Bg3 Ne4 13. Bd6 Re8 14.
e3 b6 15. cxb6 Nxb6 16. Bg3 Qf6 17. Bd3 h5 18. Bc7 g4 19. Bxe4 Rxe4 20. Nd4
Ba6 21. Qd6 Qg5 22. Bxb6 Rxe3+ 23. fxe3 Qxe3+ 24. Kd1 Qd3+ 25. Kc1 Qxc3+ 26.
Nc2 Rc8 27. Bc5 Bd3 {White resigns} 0-1

[Event "ICCopen2016"]
[Site "Internet Chess Club"]
[Date "2016.06.03"]
[Round "2"]
[White "gmgattass"]
[Black "ROWLAND"]
[Result "1-0"]
[ICCResult "Black resigns"]
[WhiteElo "2242"]
[BlackElo "1585"]
[Opening "Philidor: exchange variation"]
[ECO "C41"]
[NIC "KP.08"]
[Time "19:12:36"]
[TimeControl "180+0"]

1. e4 e5 2. Nf3 d6 3. d4 exd4 4. Nxd4 Nf6 5. Nc3 Be7 6. Bc4 O-O 7. Bb3 Na6
8. f3 c6 9. O-O Qc7 10. Bc4 b5 11. Be2 b4 12. Na4 Bd7 13. c4 c5 14. Nb5 Bxb5
15. cxb5 Nb8 16. Be3 Nbd7 17. Rc1 Nb6 18. e5 Nxa4 19. exf6 Nxb2 20. fxe7
Nxd1 21. exf8=Q+ Rxf8 22. Rfxd1 Re8 23. Rd3 f5 24. Bf1 Re5 25. Bf4 Re6 26.
Rd5 g6 27. Bc4 Kg7 28. Rd2 Re7 29. Bxd6 Qd7 30. Be5+ Kf8 31. Rxd7 Rxd7 32.
Be6 Rd2 33. Rxc5 {Black resigns} 1-0

[Event "ICCopen2016"]
[Site "Internet Chess Club"]
[Date "2016.06.03"]
[Round "2"]
[White "betterone76"]
[Black "pagoda"]
[Result "0-1"]
[ICCResult "White resigns"]
[WhiteElo "1520"]
[BlackElo "1891"]
[Opening "Pirc: Ufimtsev-Pytel variation"]
[ECO "B07"]
[NIC "PU.08"]
[Time "19:12:36"]
[TimeControl "180+0"]

1. e4 d6 2. d4 Nf6 3. Nc3 c6 4. f4 Qb6 5. Nf3 Bg4 6. Be2 Bxf3 7. Bxf3 e5 8.
Qe2 exd4 9. e5 dxe5 10. Qxe5+ Be7 11. Ne4 Nbd7 12. Nxf6+ Nxf6 13. O-O Qc5
14. Qxc5 Bxc5 15. Re1+ Kd7 16. h3 Rhe8 17. Bd2 d3+ 18. Kh2 dxc2 19. Rxe8
Rxe8 20. Rc1 Be3 21. Bxe3 Rxe3 22. Rxc2 g6 23. Rd2+ Kc7 24. Kg1 Ne4 25. Bxe4
Rxe4 26. Kf2 Rxf4+ 27. Kg3 Rf5 28. Re2 Kd7 29. Rd2+ Rd5 30. Rf2 f5 31. h4
Ke6 32. h5 Kf6 33. h6 Rd7 34. b4 b6 35. a4 Rc7 36. Rc2 c5 37. b5 c4 38. Rc3
g5 39. Kf3 Kg6 40. g4 fxg4+ 41. Kxg4 Kxh6 42. Rh3+ Kg6 43. Rc3 h5+ 44. Kf3
Kf5 45. Ke3 h4 46. Kd4 g4 47. Rc1 c3 48. Rf1+ Kg5 49. Kd3 c2 50. Rc1 h3 51.
Ke4 h2 52. Kd3 h1=Q 53. Rxh1 c1=Q 54. Rxc1 Rxc1 {White resigns} 0-1

[Event "ICCopen2016"]
[Site "Internet Chess Club"]
[Date "2016.06.03"]
[Round "2"]
[White "servantalt"]
[Black "Fioro"]
[Result "0-1"]
[ICCResult "White resigns"]
[WhiteElo "1627"]
[BlackElo "2336"]
[Opening "Queen's pawn: Yusupov-Rubinstein system"]
[ECO "A45"]
[NIC "QP.07"]
[Time "19:11:55"]
[TimeControl "180+0"]

1. d4 Nf6 2. e3 e6 3. Nf3 c5 4. c3 b6 5. Be2 Bb7 6. O-O cxd4 7. cxd4 Be7 8.
a3 O-O 9. Nbd2 d6 10. Re1 Nbd7 11. g3 Rc8 12. Nh4 Qc7 13. Ndf3 Qc6 14. Bf1
g5 15. Bg2 gxh4 16. Nxh4 Qc7 17. Bxb7 Qxb7 18. e4 Kh8 19. e5 Nd5 20. Bh6 Rg8
21. Nf3 dxe5 22. Nxe5 Nxe5 23. dxe5 Rg6 24. Bd2 Rcg8 25. Qf3 Qa6 26. Qxf7
Qc8 27. Rac1 Qf8 28. Qxf8 Rxf8 29. Rc6 Bc5 30. Rf1 Kg7 31. b4 Bd4 32. h4
Bxe5 33. Kh2 Bxg3+ 34. fxg3 Rxf1 35. Rc2 Rf2+ 36. Kg1 Rf3 37. Be1 Rgf6 38.
Bf2 Rf7 39. Bd4+ Kg6 40. Re2 Rxg3+ 41. Kh2 Rgf3 42. Kg2 Nf4+ 43. Kxf3 Nxe2+
44. Kxe2 Kf5 45. Be3 e5 46. Bg5 e4 47. Ke3 Rd7 48. a4 Rd3+ 49. Ke2 Kg4 50.
b5 Ra3 51. Be7 Rxa4 52. Ke3 Kf5 53. Bg5 Ra3+ 54. Ke2 Rb3 55. Be7 Rxb5 56.
Ke3 Rb3+ 57. Ke2 a5 {White resigns} 0-1

[Event "ICCopen2016"]
[Site "Internet Chess Club"]
[Date "2016.06.03"]
[Round "2"]
[White "AttackSparrow"]
[Black "Anarchy"]
[Result "1-0"]
[ICCResult "Black resigns"]
[WhiteElo "2226"]
[BlackElo "2773"]
[Opening "Sicilian: Alapin's variation (2.c3)"]
[ECO "B22"]
[NIC "SI.47"]
[Time "19:12:35"]
[TimeControl "180+0"]

1. e4 c5 2. c3 Nf6 3. e5 Nd5 4. d4 cxd4 5. Nf3 d6 6. cxd4 Nc6 7. Bc4 Nb6 8.
Bb5 Bd7 9. exd6 e6 10. O-O Bxd6 11. Nc3 Nb4 12. Qe2 O-O 13. Ne4 Be7 14. Bf4
Bxb5 15. Qxb5 Qd5 16. Nc5 Rfc8 17. Qxb4 Nd7 18. Qd2 Nxc5 19. dxc5 Qxc5 20.
Rac1 Qb5 21. Rxc8+ Rxc8 22. Rc1 Rd8 23. Qc3 h6 24. h3 a6 25. Be5 Bf8 26. b3
Rd3 27. Qc4 Qd7 28. Bg3 Rd5 29. Ne5 Qe7 30. Qc8 h5 31. h4 Qf6 32. Nf3 Qb2
33. Rf1 Qxa2 34. Qxb7 Rb5 35. Qc8 Qa3 36. Ng5 Rxb3 37. Qc7 Qe7 38. Qc2
{Black resigns}
1-0

[Event "ICCopen2016"]
[Site "Internet Chess Club"]
[Date "2016.06.03"]
[Round "2"]
[White "fledermaus"]
[Black "Cramagica"]
[Result "1-0"]
[ICCResult "Black forfeits on time"]
[WhiteElo "1641"]
[BlackElo "1222"]
[Opening "English: symmetrical, hedgehog system"]
[ECO "A30"]
[NIC "EO.40"]
[Time "19:12:11"]
[TimeControl "180+0"]

1. Nf3 Nf6 2. c4 c5 3. Nc3 b6 4. g3 Bb7 5. Bg2 e6 6. O-O Be7 7. d4 cxd4 8.
Nxd4 Bxg2 9. Kxg2 Nc6 10. Ndb5 Qb8 11. Bf4 e5 12. Be3 O-O 13. Nd5 Nxd5 14.
cxd5 Nd8 15. d6 Bf6 16. Nc7 Ne6 17. Nxa8 Qxa8+ 18. f3 Rc8 19. Rc1 h6 20.
Rxc8+ Qxc8 21. Qd3 Nc5 22. Bxc5 Qxc5 23. Rd1 g6 24. Qd5 Qc2 25. Rd2 Qc8 26.
b3 Kg7 27. Qd3 Bg5 28. Rc2 Qe8 29. Rc7 a5 30. e4 Bd8 31. Rc8
{Black forfeits on time}
1-0

[Event "ICCopen2016"]
[Site "Internet Chess Club"]
[Date "2016.06.03"]
[Round "2"]
[White "OparinGrigoriy"]
[Black "BISPOMAU"]
[Result "1-0"]
[ICCResult "Black resigns"]
[WhiteElo "2805"]
[BlackElo "2160"]
[Opening "Réti: King's Indian attack"]
[ECO "A05"]
[NIC "QP.11"]
[Time "19:12:49"]
[TimeControl "180+0"]

1. Nf3 Nf6 2. g3 g6 3. Bg2 Bg7 4. O-O O-O 5. c4 d5 6. cxd5 Nxd5 7. Nc3 Nc6
8. Qa4 e5 9. d3 Be6 10. Ng5 Nxc3 11. bxc3 Bd7 12. Qb3 Na5 13. Qb4 c6 14. Ne4
b6 15. Bg5 f6 16. Be3 Be6 17. c4 c5 18. Qd2 Rc8 19. Nc3 Nc6 20. Bh6 Nd4 21.
Bxg7 Kxg7 22. e3 Nc6 23. f4 Qd7 24. Bd5 Bh3 25. Rf2 Nb4 26. a3 Nxd5 27. Nxd5
Be6 28. e4 Bxd5 29. cxd5 c4 30. Raf1 cxd3 31. Qxd3 Qd6 32. Qa6 Rc7 33. Qa4
exf4 34. gxf4 Rff7 35. Qd4 Rce7 36. Re2 Qxa3 37. d6 Re6 38. d7 {Black
resigns} 1-0

[Event "ICCopen2016"]
[Site "Internet Chess Club"]
[Date "2016.06.03"]
[Round "2"]
[White "MaestroASK"]
[Black "Alright2015"]
[Result "0-1"]
[ICCResult "White resigns"]
[WhiteElo "2566"]
[BlackElo "2029"]
[Opening "Benko's opening"]
[ECO "A00"]
[NIC "VO.09"]
[Time "19:11:58"]
[TimeControl "180+0"]

1. g3 d5 2. d3 Nc6 3. e4 Nf6 4. Bg2 e5 5. c3 Be6 6. Nd2 Qd7 7. Ngf3 Bh3 8.
O-O h5 9. Bxh3 Qxh3 10. Ng5 Qd7 11. h4 Be7 12. Kg2 Ng4 13. Nh3 f5 14. Qe2
O-O-O 15. f3 Nf6 16. Ng5 Rdf8 17. Nb3 Ne8 18. Be3 f4 19. gxf4 exf4 20. Bf2
Bxg5 21. hxg5 Qe7 22. Bh4 Qd7 23. Rae1 Nd6 24. Kh2 Ne5 25. Kg2 Ng4 26. Rh1
Ne3+ 27. Kg1 dxe4 28. dxe4 Re8 29. Nd4 c5 30. Nc2 Nxc2 31. Qxc2 Nc4 32. Qe2
Ne3 33. Rh2 Qe6 34. Bf2 Qe5 35. Bxe3 fxe3 36. Qxe3 Kb8 37. f4 Qe6 38. a3
Rhf8 39. Rg2 h4 40. Ree2 h3 41. Rh2 Qg4+ 42. Kf2 Rxf4+ 43. Ke1 Rfxe4 44. Qd3
Rxe2+ 45. Rxe2 Qxe2+ {White resigns} 0-1

[Event "ICCopen2016"]
[Site "Internet Chess Club"]
[Date "2016.06.03"]
[Round "2"]
[White "Joshdaruca"]
[Black "minmax"]
[Result "1-0"]
[ICCResult "Black resigns"]
[WhiteElo "2637"]
[BlackElo "2017"]
[Opening "French: Winawer, advance, 5.a3"]
[ECO "C17"]
[NIC "FR.10"]
[Time "19:13:14"]
[TimeControl "180+0"]

1. e4 e6 2. d4 d5 3. Nc3 Bb4 4. e5 c5 5. a3 cxd4 6. axb4 dxc3 7. Qg4 g6 8.
Nf3 Qc7 9. Bd3 Nc6 10. Qf4 cxb2 11. Bxb2 Bd7 12. O-O Nge7 13. b5 Nb8 14. Qf6
Rf8 15. Ng5 a6 16. Nxh7 Rg8 17. Ng5 Rf8 18. Ba3 Bc8 19. b6 Qd7 20. Qg7
{Black resigns}
1-0

[Event "ICCopen2016"]
[Site "Internet Chess Club"]
[Date "2016.06.03"]
[Round "2"]
[White "rookfish"]
[Black "HPG1947"]
[Result "0-1"]
[ICCResult "White checkmated"]
[WhiteElo "1070"]
[BlackElo "1614"]
[Opening "King's pawn opening"]
[ECO "B07"]
[NIC "VO.17"]
[Time "19:12:23"]
[TimeControl "180+0"]

1. e4 d6 2. Nf3 Nf6 3. d3 c5 4. Be2 Nc6 5. c4 g6 6. Be3 Bg7 7. Nc3 O-O 8.
O-O Ng4 9. Bg5 Rb8 10. Nd5 Re8 11. h3 Nge5 12. Nh4 Nd4 13. f4 Nec6 14. b4
Nxb4 15. Nxe7+ Rxe7 16. Bxe7 Qxe7 17. g3 Nxe2+ 18. Qxe2 Bxa1 19. Rxa1 Bd7
20. f5 Qg5 21. Qf2 Nxd3 22. Qg2 Ne5 23. Rf1 Nxc4 24. f6 Ne3 25. Qd2 Qxg3+
26. Qg2 Nxg2 27. Nxg2 Bxh3 28. Rf2 d5 29. exd5 Re8 30. Kf1 Bxg2+ 31. Rxg2
Re1# {White checkmated} 0-1

[Event "ICCopen2016"]
[Site "Internet Chess Club"]
[Date "2016.06.03"]
[Round "2"]
[White "misterNobody"]
[Black "SuperGMBobbyF"]
[Result "1/2-1/2"]
[ICCResult "Game drawn by repetition"]
[WhiteElo "1619"]
[BlackElo "1205"]
[Opening "Van't Kruijs opening"]
[ECO "A00"]
[Time "19:12:27"]
[TimeControl "180+0"]

1. e3 e5 2. Ne2 d5 3. d3 c5 4. Bd2 Nc6 5. a3 f5 6. g3 Nf6 7. Bg2 Bd6 8. h3
Bd7 9. Nbc3 d4 10. Nb5 Bc7 11. Nxc7+ Qxc7 12. e4 fxe4 13. dxe4 O-O-O 14. O-O
Rhf8 15. f4 Be6 16. b3 h6 17. Nc1 Qf7 18. Nd3 Qh5 19. g4 Nxg4 20. hxg4 Bxg4
21. Bf3 Bxf3 22. Qxf3 Qg6+ 23. Qg2 Qe6 24. f5 Qd7 25. Nxc5 Qc7 26. Ne6 Qb6
27. Nxd8 d3+ 28. Qf2 Qxd8 29. cxd3 Qxd3 30. Qc5 Qg3+ 31. Kh1 Qh3+ 32. Kg1
Qg3+ 33. Kh1 Qh3+ 34. Kg1 Qg3+ {Game drawn by repetition} 1/2-1/2

[Event "ICCopen2016"]
[Site "Internet Chess Club"]
[Date "2016.06.03"]
[Round "2"]
[White "doodlestoo"]
[Black "ChessGeek"]
[Result "1-0"]
[ICCResult "Black checkmated"]
[WhiteElo "1417"]
[BlackElo "1787"]
[Opening "Scandinavian gambit"]
[ECO "B01"]
[NIC "SD.03"]
[Time "19:12:13"]
[TimeControl "180+0"]

1. e4 d5 2. exd5 Nf6 3. c4 c6 4. Nc3 cxd5 5. cxd5 Nxd5 6. Qa4+ Nc6 7. d4 Nb6
8. Qb5 a6 9. Qg5 Nxd4 10. Bd3 e6 11. Qxd8+ Kxd8 12. Be3 e5 13. O-O-O Ke8 14.
Nge2 f6 15. Nxd4 exd4 16. Bxd4 Be6 17. Rhe1 Kf7 18. Bxb6 Rc8 19. Be3 b5 20.
Kb1 b4 21. Ne4 a5 22. f3 a4 23. Ng3 Bd6 24. Nf1 Be5 25. f4 Bb8 26. Bb5 Bf5+
27. Bd3 Bg4 28. Rd2 Rhe8 29. h3 Bd7 30. g4 Bc6 31. Bc4+ Kg6 32. Bd3+ Kf7 33.
Bc4+ Kg6 34. f5# {Black checkmated} 1-0

[Event "ICCopen2016"]
[Site "Internet Chess Club"]
[Date "2016.06.03"]
[Round "2"]
[White "catman"]
[Black "RussianCowboy"]
[Result "0-1"]
[ICCResult "White checkmated"]
[WhiteElo "1734"]
[BlackElo "1586"]
[Opening "Old Indian defense"]
[ECO "A42"]
[NIC "OI.07"]
[Time "19:11:54"]
[TimeControl "180+0"]

1. d4 d6 2. c4 e5 3. Nf3 e4 4. Ng5 f5 5. Nc3 Nf6 6. g3 Be7 7. Bg2 c6 8. h4
Na6 9. O-O Nc7 10. Bh3 O-O 11. Bg2 d5 12. b3 h6 13. Nh3 Ne6 14. Nf4 dxc4 15.
bxc4 Qxd4 16. Nxe6 Qxd1 17. Rxd1 Bxe6 18. Rb1 b6 19. f3 exf3 20. Bxf3 Rac8
21. Bf4 Bxc4 22. Kg2 b5 23. a4 a6 24. axb5 axb5 25. Rbc1 Rfd8 26. Rxd8+ Bxd8
27. Nd1 Bd5 28. Ne3 Bxf3+ 29. exf3 c5 30. Nxf5 c4 31. Bd6 Kh7 32. Be7 Bxe7
33. Nxe7 Rc7 34. Nf5 c3 35. Nd4 b4 36. Kf2 Rd7 37. Nc6 Rd2+ 38. Kf1 Rb2 39.
Nd4 Nd5 40. Rc2 Rxc2 41. Nxc2 b3 42. Na3 c2 43. Ke2 c1=Q 44. Kd3 Qxa3 45.
Ke4 Qc1 46. Kxd5 b2 47. Ke4 b1=Q+ 48. Kd4 Qd2+ 49. Ke5 Qb5+ 50. Ke4 Qdd5+
51. Ke3 Qbd3+ 52. Kf2 Q5xf3+ 53. Kg1 Qdf1+ 54. Kh2 Q3h1# {White checkmated}
0-1

[Event "ICCopen2016"]
[Site "Internet Chess Club"]
[Date "2016.06.03"]
[Round "2"]
[White "HawkKing"]
[Black "SCORPION83"]
[Result "0-1"]
[ICCResult "White resigns"]
[WhiteElo "2310"]
[BlackElo "3031"]
[Opening "Queen's pawn: Torre attack"]
[ECO "A40"]
[NIC "QP.04"]
[Time "19:12:34"]
[TimeControl "180+0"]

1. d4 e6 2. Nf3 Nf6 3. Bg5 b6 4. Nbd2 Bb7 5. e3 h6 6. Bh4 c5 7. c3 Be7 8.
Bd3 cxd4 9. exd4 d6 10. O-O Nbd7 11. Qe2 a6 12. Rac1 b5 13. a3 O-O 14. h3
Nb6 15. Bb1 Nbd5 16. Bg3 Re8 17. Ne4 Nh5 18. Bh2 Bf8 19. Rfe1 Nhf4 20. Qd2
Ng6 21. Ng3 Ndf4 22. Be4 Bxe4 23. Nxe4 Nd5 24. Qe2 Qd7 25. c4 bxc4 26. Rxc4
a5 27. Rec1 Reb8 28. Rc6 Rb6 29. Rxb6 Nxb6 30. Qc2 d5 31. Nc5 Qb5 32. Ne5
Nxe5 33. Bxe5 Nc4 34. a4 Qb6 35. b3 Nxe5 36. dxe5 Rc8 {White resigns} 0-1

[Event "ICCopen2016"]
[Site "Internet Chess Club"]
[Date "2016.06.03"]
[Round "2"]
[White "vanboy"]
[Black "FidePatzer1"]
[Result "1/2-1/2"]
[ICCResult "Game drawn by repetition"]
[WhiteElo "2465"]
[BlackElo "1835"]
[Opening "Caro-Kann: closed (Breyer) variation"]
[ECO "B10"]
[NIC "CK.01"]
[Time "19:12:27"]
[TimeControl "180+0"]

1. e4 c6 2. d3 d5 3. Nd2 e5 4. g3 Bd6 5. Bg2 Nf6 6. Ngf3 O-O 7. O-O Qc7 8.
Nh4 Re8 9. h3 Nbd7 10. Nf5 Bf8 11. Nf3 dxe4 12. dxe4 Nxe4 13. Qe2 Nef6 14.
g4 e4 15. Ng5 h6 16. Nxe4 Nxe4 17. Bxe4 Nf6 18. f3 Bxf5 19. gxf5 Qg3+ 20.
Qg2 Qxg2+ 21. Kxg2 Nxe4 22. fxe4 Rxe4 23. Bf4 Re2+ 24. Rf2 Rxf2+ 25. Kxf2
Bc5+ 26. Kf3 Rd8 27. Re1 a6 28. a3 Bd6 29. Bxd6 Rxd6 30. Re7 b5 31. Re8+ Kh7
32. Re7 f6 33. b4 Rd2 34. Ra7 Rxc2 35. Rxa6 c5 36. Ra5 cxb4 37. axb4 Rc3+
38. Kg2 Rc2+ 39. Kg3 Rc3+ 40. Kg2 Rc2+ 41. Kg3 Rc3+ 42. Kg2 Rc2+
{Game drawn by repetition}
1/2-1/2

[Event "ICCopen2016"]
[Site "Internet Chess Club"]
[Date "2016.06.03"]
[Round "2"]
[White "Iturrizaga"]
[Black "DARKTRUDER"]
[Result "1-0"]
[ICCResult "Black resigns"]
[WhiteElo "3019"]
[BlackElo "2290"]
[Opening "King's Indian: fianchetto, classical variation"]
[ECO "E67"]
[NIC "KI.65"]
[Time "19:12:41"]
[TimeControl "180+0"]

1. Nf3 Nf6 2. c4 g6 3. Nc3 Bg7 4. g3 d6 5. Bg2 O-O 6. O-O Nbd7 7. d4 e5 8.
Qc2 c6 9. Rd1 Qe7 10. b3 exd4 11. Nxd4 Nc5 12. Bb2 Re8 13. Rd2 a5 14. Rad1
Ng4 15. e3 Ne5 16. h3 h5 17. f4 Ned7 18. e4 Nf6 19. Re2 a4 20. b4 a3 21.
bxc5 axb2 22. cxd6 Qxd6 23. e5 Qc5 24. exf6 Rxe2 25. Nxe2 Rxa2 26. fxg7 Bf5
27. Be4 Bxe4 28. Qxe4 Ra1 29. Rb1 Qxc4 30. Kf2 c5 31. Rxb2 cxd4 32. Qxd4 Qc6
33. Rxb7 Qxb7 34. Qxa1 Qh1 35. Qxh1 {Black resigns} 1-0

[Event "ICCopen2016"]
[Site "Internet Chess Club"]
[Date "2016.06.03"]
[Round "2"]
[White "baconwithfries"]
[Black "Chess64"]
[Result "0-1"]
[ICCResult "White forfeits on time"]
[WhiteElo "1337"]
[BlackElo "1744"]
[Opening "Queen's pawn: stonewall attack"]
[ECO "D00"]
[NIC "QP.08"]
[Time "19:12:20"]
[TimeControl "180+0"]

1. d4 d5 2. e3 Nf6 3. Bd3 c5 4. c3 Nc6 5. f4 cxd4 6. cxd4 Qb6 7. Nf3 Bg4 8.
O-O e6 9. Nbd2 Bd6 10. h3 Bh5 11. g4 Bg6 12. Bxg6 hxg6 13. Kg2 Ne4 14. Ne5
Bxe5 15. dxe5 Qxe3 16. Nf3 Qb6 17. Nd2 O-O-O 18. Nxe4 dxe4 19. Qe2 Rd3 20.
Qxe4 Rhxh3 21. Rf3 Rdxf3 22. Qxf3 Rxf3 23. Kxf3 Qd4 {White forfeits on time}
0-1

[Event "ICCopen2016"]
[Site "Internet Chess Club"]
[Date "2016.06.03"]
[Round "2"]
[White "MTal94"]
[Black "Shafkat"]
[Result "0-1"]
[ICCResult "White forfeits on time"]
[WhiteElo "1240"]
[BlackElo "1648"]
[Opening "Ruy Lopez: Schliemann defense"]
[ECO "C63"]
[NIC "RL.06"]
[Time "19:11:55"]
[TimeControl "180+0"]

1. e4 e5 2. Nf3 Nc6 3. Bb5 f5 4. exf5 e4 5. Bxc6 dxc6 6. Ng1 Bxf5 7. Nc3 Nf6
8. d3 exd3 9. cxd3 Bd6 10. d4 O-O 11. Nf3 Qe7+ 12. Be3 Ng4 13. Qe2 Rae8 14.
O-O Nxe3 15. fxe3 Qxe3+ 16. Qxe3 Rxe3 17. Rae1 Rxe1 18. Rxe1 Bg4 19. Re3
Bxf3 20. Rxf3 Rxf3 21. gxf3 g6 22. h3 Kf7 23. Ne4 Ke6 24. Kf2 a5 25. Ke3 h6
26. b3 Bh2 27. Nc5+ Kd5 28. Nxb7 Bg1+ 29. Kd3 Bxd4 30. Nxa5 Bb6 31. Nc4 g5
32. Ne3+ Bxe3 {White forfeits on time} 0-1

[Event "ICCopen2016"]
[Site "Internet Chess Club"]
[Date "2016.06.03"]
[Round "2"]
[White "orangeC"]
[Black "RJoseph12"]
[Result "1-0"]
[ICCResult "Black checkmated"]
[WhiteElo "1648"]
[BlackElo "1264"]
[Opening "Scotch: Göring gambit"]
[ECO "C44"]
[NIC "SO.06"]
[Time "19:12:23"]
[TimeControl "180+0"]

1. e4 e5 2. Nf3 Nc6 3. d4 exd4 4. c3 dxc3 5. Nxc3 Be7 6. Bc4 d6 7. Qb3 Nf6
8. Bxf7+ Kf8 9. Bd5 Na5 10. Qa4 Nc6 11. Bxc6 bxc6 12. Qxc6 Bd7 13. Qc4 Qc8
14. Ng5 Qe8 15. Ne6+ Bxe6 16. Qxe6 Qf7 17. Qxf7+ Kxf7 18. O-O Rhe8 19. f4
Kg8 20. e5 dxe5 21. fxe5 Nd7 22. Bf4 Bh4 23. Nd5 c6 24. Nc7 Red8 25. Nxa8
Rxa8 26. Rad1 Nc5 27. g3 Be7 28. Be3 Re8 29. Bxc5 Bxc5+ 30. Kg2 Rxe5 31.
Rde1 Rd5 32. Re8+ Bf8 33. Rfxf8# {Black checkmated} 1-0

[Event "ICCopen2016"]
[Site "Internet Chess Club"]
[Date "2016.06.03"]
[Round "2"]
[White "wolvie"]
[Black "Vegita"]
[Result "0-1"]
[ICCResult "White resigns"]
[WhiteElo "1580"]
[BlackElo "2294"]
[Opening "Pirc: classical, h3 system"]
[ECO "B06"]
[NIC "PU.10"]
[Time "19:11:59"]
[TimeControl "180+0"]

1. e4 g6 2. Nf3 Bg7 3. d4 d6 4. Nc3 Nf6 5. h3 O-O 6. Bd3 c6 7. Be3 Nbd7 8.
O-O e5 9. Qd2 Qe7 10. Bh6 b5 11. Bxg7 Kxg7 12. dxe5 dxe5 13. Qg5 h6 14. Qh4
Re8 15. Ne2 Nh5 16. Qxe7 Rxe7 17. Ng3 Nf4 18. Ne2 Nxe2+ 19. Bxe2 Nc5 20. Bd3
f6 21. a3 Be6 22. Rad1 Rd7 23. Rd2 Rad8 24. Rfd1 Na4 25. b3 Nc3 26. Re1 Bxb3
27. cxb3 Rxd3 28. Rc2 a5 29. Rec1 b4 30. a4 Rd1+ 31. Kh2 Kf7 32. Rxd1 Rxd1
33. Rd2 Rxd2 34. Nxd2 Ke6 35. f3 Kd6 36. Kg3 Kc5 37. Kf2 Kd4 38. g3 c5 39.
Nc4 Nxa4 40. Nxa5 Nb6 41. Nc6+ Kc3 42. Ne7 Kxb3 43. Nxg6 c4 44. Ke2 c3 45.
Kd1 c2+ 46. Kc1 Na4 47. f4 Nc5 48. Kd2 Kb2 49. fxe5 c1=Q+ 50. Ke2 Qc3 51. e6
Qd3+ 52. Kf2 Nxe4+ 53. Kg2 Qe2+ {White resigns} 0-1

[Event "ICCopen2016"]
[Site "Internet Chess Club"]
[Date "2016.06.03"]
[Round "2"]
[White "paulohaddad"]
[Black "kireetidev"]
[Result "1-0"]
[ICCResult "Black resigns"]
[WhiteElo "1718"]
[BlackElo "1337"]
[Opening "Queen's pawn game"]
[ECO "D02"]
[NIC "QP.08"]
[Time "19:12:26"]
[TimeControl "180+0"]

1. d4 d5 2. Nf3 Bg4 3. Ne5 Bf5 4. Bf4 e6 5. g4 Be4 6. f3 Bg6 7. h4 f6 8.
Nxg6 hxg6 9. Qd3 Kf7 10. h5 gxh5 11. gxh5 Nc6 12. c3 Bd6 13. Qg6+ Kf8 14.
Be3 Nge7 15. Qg2 Nf5 16. Bf2 Rh6 17. Nd2 Qe8 18. e4 dxe4 19. fxe4 Nfe7 20.
Be3 Rxh5 21. Be2 Rxh1+ 22. Qxh1 Qg6 23. O-O-O Ng8 24. Rg1 Qf7 25. Bh5 Qe7
26. Bg6 e5 27. d5 Nd8 28. Qh8 {Black resigns} 1-0

[Event "ICCopen2016"]
[Site "Internet Chess Club"]
[Date "2016.06.03"]
[Round "2"]
[White "Drahacik"]
[Black "jefferyx"]
[Result "0-1"]
[ICCResult "White resigns"]
[WhiteElo "2122"]
[BlackElo "2731"]
[Opening "St. George (Baker) defense"]
[ECO "B00"]
[NIC "VO.17"]
[Time "19:11:55"]
[TimeControl "180+0"]

1. e4 a6 2. d4 b5 3. Bd3 Bb7 4. Nf3 e6 5. O-O Nf6 6. Qe2 d5 7. e5 Nfd7 8. c3
c5 9. Bg5 Be7 10. Bxe7 Qxe7 11. Nbd2 Nc6 12. Rfe1 g5 13. Nf1 h5 14. dxc5
Qxc5 15. Nxg5 Ncxe5 16. a4 b4 17. cxb4 Qxb4 18. Nf3 Nxf3+ 19. Qxf3 Qg4 20.
Qxg4 hxg4 21. Rac1 Kd8 22. Ne3 Rg8 23. Be2 Nf6 24. g3 Kd7 25. Rc5 Ne4 26.
Rc2 f5 27. Rec1 Rac8 28. Rxc8 Rxc8 29. Rxc8 Kxc8 30. f3 gxf3 31. Bxf3 Kc7
32. Bxe4 fxe4 33. Kf2 d4 34. Nc4 Bd5 35. b3 Kc6 36. h4 Kc5 37. h5 e3+ 38.
Ke2 Kb4 39. g4 Kc3 40. h6 Be4 41. Nd6 Bg6 42. Nc8 d3+ 43. Kxe3 d2 44. Ne7
Bh7 45. g5 d1=Q 46. g6 Qd2+ 47. Ke4 Qxh6 48. gxh7 Qxh7+ {White resigns} 0-1